 Dungeon Crawl Stone Soup version 0.29.0-4-gdea44cf6ec (webtiles) character file.

Game seed: 7053536797792945845

3776 qw the Grappler (level 9, -25/84 HPs)
             Began as a Troll Cinder Acolyte on Aug 31, 2022.
             Was a Priest of Ignis.
             Annihilated by Gastronok (32 damage)
             ... on level 8 of the Dungeon.
             The game lasted 00:03:26 (6067 turns).

qw the Grappler (Troll Cinder Acolyte)              Turns: 6067, Time: 00:03:26

Health: -25/84     AC: 13    Str: 28    XL:     9   Next: 95%
Magic:  9/9        EV:  8    Int: 10    God:    Ignis [***...]
Gold:   268        SH:  7    Dex:  5    Spells: 10/10 levels left

rFire   + . .      SeeInvis +     - Unarmed
rCold   . . .      Faith    .   a - +0 kite shield
rNeg    . . .      Spirit   .   i - +1 robe {Archmagi}
rPois   .          Reflect  .   (helmet restricted)
rElec   .          Harm     .   j - +0 cloak
rCorr   .          Rampage  .   (gloves unavailable)
Will    .....      Archmagi +   (boots unavailable)
Stlth   +.........              (no amulet)
HPRegen 1.04/turn               e - ring of see invisible
MPRegen 0.11/turn               (no ring)

@: about to teleport, fiery-armoured, slowed, very slow
A: large, unfitting armour, claws 3, regeneration 1, shaggy fur 1, tough skin 1
a: Renounce Religion, Fiery Armour, Foxfire Swarm, Rising Flame


You were on level 8 of the Dungeon.
You worshipped Ignis.
Ignis was most pleased with you.
You visited 1 branch of the dungeon, and saw 8 of its levels.

You collected 438 gold pieces.
You spent 170 gold pieces at shops.


Innate Abilities, Weirdness & Mutations

You are too large for most types of armour.
You have claws for hands.
Your natural rate of healing is unusually fast.
You are covered in fur. (AC +1)
You have tough skin. (AC +1)


   Skills:
 - Level 4.0 Fighting
 - Level 1.0 Throwing
 - Level 2.1 Dodging
 + Level 6.2 Shields
 - Level 11.7 Unarmed Combat
 - Level 1.0 Spellcasting
 - Level 2.1 Fire Magic


You had 10 spell levels left.
You didn't know any spells.
Your spell library contained the following spells:

 Spells                   Type           Power      Damage    Failure   Level
 Scorch                   Fire           14%        2d6       41%         2

Inventory:

Missiles
 c - 3 boomerangs (quivered)
Armour
 a - a +0 kite shield (worn)
 i - a +1 robe of the Archmagi (worn)
 j - a +0 cloak (worn)
Jewellery
 e - a ring of see invisible (left claw)
Scrolls
 b - a scroll of enchant weapon
 d - 4 scrolls of teleportation
 g - a scroll of identify
Potions
 f - a potion of might
 k - a potion of mutation
 l - 2 potions of cancellation
 m - a potion of invisibility {unknown}
 o - 3 potions of curing
 p - a potion of magic {unknown}

Dungeon Overview and Level Annotations

Branches:
Dungeon (8/15)             Temple (0/1) D:6
   Lair: D:8-11

Altars:
Ashenzari
Hepliaklqana
Nemelex Xobeh
Qazlal
Trog
Uskayaw
Xom

Shops:
D:1 *   D:2 ([   D:3 !

Annotations:
D:4 1 runed translucent door, Crazy Yiuf
D:8 Gastronok


Message History

Gastronok is moderately wounded.
You barely miss Gastronok.
Gastronok is moderately wounded.
Gastronok waves his eye-stalks in wide circles.
The air twists around and strikes you!!
You mangle Gastronok!!
Gastronok is moderately wounded.
You mangle Gastronok!!
Gastronok is heavily wounded.
Gastronok barely misses you.
You scratch Gastronok.
Gastronok is heavily wounded.
Gastronok bites you.
Gastronok is burned by your cloak of flames.
Gastronok is heavily wounded.
You claw Gastronok!
Gastronok is severely wounded.
You completely miss Gastronok.
Gastronok is severely wounded.
Gastronok chants a spell, wobbling all the while.
Gastronok puts on a burst of speed!
You barely miss Gastronok.
Gastronok is severely wounded.
Gastronok looks at you while chanting.
You barely resist. You claw Gastronok!
Gastronok is severely wounded.
You scratch Gastronok.
Gastronok is severely wounded.
Gastronok bites you!!
Gastronok is burned by your cloak of flames.
Gastronok is almost dead.
6066 ||| READING 5 scrolls of teleportation.
As you read the scroll of teleportation, it crumbles to dust.
You feel strangely unstable. You block Gastronok's attack.
You claw Gastronok!
Gastronok is almost dead.
Gastronok bites you!!
You die...

## ...? ..# ...
#.# #.. #.# #..
#.# .####..##.#
..........########
......)...@w......
........[.########
.####.#[<).......
# #...#######
#...# #...# ....#
.....# #.....#


You could see Gastronok (swift).

Vanquished Creatures
  Pikel (D:5)
  Sigmund (D:3)
  Eustachio (D:5)
  2 steam dragons
  Edmund (D:5)
  Menkaure (D:4)
  2 water moccasins (D:6)
  2 orc warriors
  An ice beast (D:7)
  3 black bears
  A centaur (D:7)
  2 ogres
  2 lemures (D:5)
  A phantom (D:4)
  A kobold brigand (D:7)
  2 necrophages (D:7)
  2 gnoll sergeants
  5 scorpions
  A hound (D:5)
  2 jellies
  4 orc priests
  Jessica (D:3)
  Ijyb (D:4)
  5 iguanas
  6 orc wizards
  Terence (D:1)
  Robin (D:1)
  6 gnolls
  3 adders
  3 shadow imps
  3 white imps
  A worm (D:1)
  7 dart slugs
  24 orcs
  7 endoplasms
  5 giant cockroaches
  13 goblins
  8 hobgoblins
  2 jackals (D:3)
  6 quokkas
  8 ball pythons
  7 bats
  2 frilled lizards
  8 kobolds
  7 rats
173 creatures vanquished.

Vanquished Creatures (others)
  3 orcs (D:8)
3 creatures vanquished.

Grand Total: 176 creatures vanquished

Notes
Turn   | Place    | Note
-------+----------+-------------------------------------------
     0 | D:1      | qw the Troll Cinder Acolyte began the quest for the Orb.
     0 | D:1      | Reached XP level 1. HP: 22/22 MP: 1/1
     0 | D:1      | 0 ||| qw: Version: 0.1-a-97-g2dd2ca4
     0 | D:1      | 0 ||| qw: Game counter: 4499
     0 | D:1      | 0 ||| qw: Always use a shield: true
     0 | D:1      | 0 ||| qw: God list: Okawaru
     0 | D:1      | 0 ||| qw: Allow faded altars: false
     0 | D:1      | 0 ||| qw: Do Orc after D:15 true
     0 | D:1      | 0 ||| qw: Do second Lair branch before Depths: true
     0 | D:1      | 0 ||| qw: Lair rune preference: random
     0 | D:1      | 0 ||| qw: Plans: Normal
     0 | D:1      | 0 ||| PLANNING D:1-11
   123 | D:1      | 123 ||| Stepping ~*~*~tactically~*~*~ (hiding).
   124 | D:1      | 124 ||| Stepping ~*~*~tactically~*~*~ (hiding).
   286 | D:1      | Reached XP level 2. HP: 27/29 MP: 2/2
   582 | D:1      | 582 ||| Stepping ~*~*~tactically~*~*~ (stealth).
   588 | D:1      | 588 ||| Stepping ~*~*~tactically~*~*~ (stealth).
   709 | D:1      | 709 ||| Stepping ~*~*~tactically~*~*~ (hiding).
   718 | D:1      | Reached skill level 4 in Unarmed Combat
   761 | D:1      | Found Icakomorphe's General Store.
   765 | D:1      | 765 ||| SHOPLISTING +4 ring of slaying (1092 gold, have
                  | 36).
   765 | D:1      | 765 ||| SHOPLISTING potion of curing (42 gold, have 36).
   765 | D:1      | 765 ||| SHOPLISTING potion of mutation (112 gold, have 36).
   927 | D:1      | 927 ||| UPGRADING to +0 cloak.
   932 | D:1      | 932 ||| UPGRADING to ring of see invisible.
   933 | D:1      | 933 ||| READING 2 scrolls labelled NYTOOGR UCIE.
   938 | D:1      | 938 ||| READING scroll labelled GID DUYMU.
   952 | D:1      | 952 ||| READING 2 scrolls labelled RULUEHI COKUAST.
   953 | D:1      | 953 ||| READING scroll labelled XUHACOJASCH.
   954 | D:1      | 954 ||| READING scroll labelled HAGAHYRIHE.
   955 | D:1      | 955 ||| DROPPING scroll of immolation.
   994 | D:2      | Noticed Terence
   996 | D:2      | 996 ||| STAIRDANCE
   996 | D:2      | Noticed Robin
  1001 | D:1      | Killed Terence
  1002 | D:1      | Reached XP level 3. HP: 30/36 MP: 3/3
  1010 | D:2      | 1010 ||| STAIRDANCE
  1016 | D:2      | 1016 ||| STAIRDANCE
  1024 | D:2      | 1024 ||| STAIRDANCE
  1050 | D:2      | 1050 ||| STAIRDANCE
  1055 | D:1      | Killed Robin
  1056 | D:1      | Reached XP level 4. HP: 42/44 MP: 4/4
  1062 | D:2      | 1062 ||| STAIRDANCE
  1066 | D:1      | Reached skill level 5 in Unarmed Combat
  1073 | D:2      | 1073 ||| STAIRDANCE
  1086 | D:2      | 1086 ||| STAIRDANCE
  1290 | D:2      | Found Favuskum's Weapon Emporium.
  1300 | D:2      | Found a stormy altar of Qazlal.
  1618 | D:2      | Found Qema's Armour Boutique.
  1644 | D:2      | 1644 ||| SHOPLISTING +2 hat (176 gold, have 73).
  1805 | D:3      | Noticed Sigmund
  1819 | D:3      | Killed Sigmund
  1820 | D:3      | Reached skill level 6 in Unarmed Combat
  1820 | D:3      | Reached XP level 5. HP: 38/50 MP: 5/5
  1820 | D:3      | Reached XP level 6. HP: 45/59 MP: 6/6
  1908 | D:3      | Found a faded altar of an unknown god.
  1956 | D:3      | Noticed Jessica
  1963 | D:3      | Killed Jessica
  1964 | D:3      | Reached skill level 7 in Unarmed Combat
  2120 | D:3      | Found Utotinliwn's Distillery.
  2123 | D:3      | 2123 ||| BUYING potion of cancellation (80 gold).
  2123 | D:3      | Bought a potion of cancellation for 80 gold pieces
  2123 | D:3      | 2123 ||| BUYING potion of curing (30 gold).
  2123 | D:3      | Bought a potion of curing for 30 gold pieces
  2123 | D:3      | 2123 ||| BUYING potion of curing (30 gold).
  2123 | D:3      | Bought a potion of curing for 30 gold pieces
  2123 | D:3      | 2123 ||| BUYING potion of curing (30 gold).
  2123 | D:3      | Bought a potion of curing for 30 gold pieces
  2123 | D:3      | 2123 ||| SHOPLISTING potion of haste (100 gold, have 5).
  2123 | D:3      | 2123 ||| SHOPLISTING potion of heal wounds (50 gold, have
                  | 5).
  2161 | D:3      | You fall into a shaft and drop 3 floors!
  2239 | D:6      | 2239 ||| UPGRADING to +1 robe of the Archmagi.
  2249 | D:6      | 2249 ||| DROPPING +0 robe.
  2250 | D:6      | 2250 ||| DRINKING 2 emerald potions.
  2251 | D:6      | 2251 ||| READING 2 scrolls of identify.
  2251 | D:6      | 2251 ||| IDENTIFYING bubbling purple potion
  2252 | D:6      | 2252 ||| DROPPING potion of ambrosia.
  2262 | D:5      | Entered Level 5 of the Dungeon
  2276 | D:5      | 2276 ||| Stepping ~*~*~tactically~*~*~ (stealth).
  2286 | D:5      | Noticed Pikel
  2287 | D:5      | 2287 ||| Stepping ~*~*~tactically~*~*~ (stealth).
  2288 | D:5      | Noticed Edmund
  2289 | D:5      | 2289 ||| INVOKING Fiery Armour.
  2291 | D:5      | 2291 ||| Stepping ~*~*~tactically~*~*~ (outnumbered).
  2294 | D:5      | 2294 ||| Stepping ~*~*~tactically~*~*~ (outnumbered).
  2309 | D:5      | 2309 ||| Stepping ~*~*~tactically~*~*~ (outnumbered).
  2310 | D:5      | 2310 ||| Stepping ~*~*~tactically~*~*~ (outnumbered).
  2311 | D:5      | 2311 ||| Stepping ~*~*~tactically~*~*~ (outnumbered).
  2312 | D:5      | 2312 ||| Stepping ~*~*~tactically~*~*~ (outnumbered).
  2313 | D:5      | 2313 ||| Stepping ~*~*~tactically~*~*~ (outnumbered).
  2314 | D:5      | 2314 ||| Stepping ~*~*~tactically~*~*~ (outnumbered).
  2315 | D:5      | 2315 ||| Stepping ~*~*~tactically~*~*~ (outnumbered).
  2317 | D:5      | 2317 ||| Stepping ~*~*~tactically~*~*~ (outnumbered).
  2331 | D:5      | Killed Pikel
  2332 | D:5      | Reached skill level 9 in Unarmed Combat
  2332 | D:5      | Reached XP level 7. HP: 60/66 MP: 7/7
  2348 | D:5      | Killed Edmund
  2349 | D:5      | Reached skill level 3 in Fighting
  2373 | D:5      | 2373 ||| READING scroll labelled PATEDITOTS.
  2388 | D:4      | 2388 ||| Stepping ~*~*~tactically~*~*~ (stealth).
  2398 | D:4      | 2398 ||| Stepping ~*~*~tactically~*~*~ (stealth).
  2399 | D:4      | 2399 ||| Stepping ~*~*~tactically~*~*~ (stealth).
  2413 | D:4      | 2413 ||| Stepping ~*~*~tactically~*~*~ (outnumbered).
  2475 | D:4      | Reached XP level 8. HP: 75/75 MP: 8/8
  2757 | D:3      | 2757 ||| READING scroll labelled YMENUU LY YRPH.
  2758 | D:3      | 2758 ||| READING 2 scrolls of identify.
  2758 | D:3      | 2758 ||| IDENTIFYING inky potion
  2869 | D:4      | Noticed Menkaure
  2869 | D:4      | Noticed Ijyb
  2870 | D:4      | 2870 ||| Stepping ~*~*~tactically~*~*~ (hiding).
  2871 | D:4      | 2871 ||| Stepping ~*~*~tactically~*~*~ (hiding).
  2876 | D:4      | 2876 ||| INVOKING Fiery Armour.
  2879 | D:4      | Killed Ijyb
  2880 | D:4      | Reached skill level 1 in Throwing
  2882 | D:4      | Killed Menkaure
  2920 | D:4      | Found a shimmering altar of Xom.
  2967 | D:4      | 2967 ||| Stepping ~*~*~tactically~*~*~ (hiding).
  2968 | D:4      | 2968 ||| Stepping ~*~*~tactically~*~*~ (hiding).
  3117 | D:4      | Found a runed translucent door.
  3118 | D:4      | Noticed Crazy Yiuf
  3158 | D:4      | 3158 ||| Stepping ~*~*~tactically~*~*~ (outnumbered).
  3159 | D:4      | 3159 ||| Stepping ~*~*~tactically~*~*~ (outnumbered).
  3160 | D:4      | 3160 ||| Stepping ~*~*~tactically~*~*~ (outnumbered).
  3486 | D:4      | 3486 ||| READING scroll labelled RYUBOD LIFER.
  3487 | D:4      | 3487 ||| READING scroll labelled WEACKITZOE.
  3488 | D:4      | 3488 ||| READING 3 scrolls of teleportation.
  3567 | D:5      | 3567 ||| STAIRDANCE
  3573 | D:4      | Reached skill level 10 in Unarmed Combat
  3673 | D:5      | 3673 ||| STAIRDANCE
  3785 | D:5      | Noticed a +0 dagger
  3786 | D:5      | Noticed a +0 spear
  3787 | D:5      | Noticed a +0 short sword
  3787 | D:5      | Noticed a +0 short sword
  3788 | D:5      | Noticed a +0 dagger
  3788 | D:5      | Noticed a +0 falchion
  3789 | D:5      | Noticed a +0 spear
  3815 | D:5      | Noticed Eustachio
  3817 | D:5      | 3817 ||| Stepping ~*~*~tactically~*~*~ (stealth).
  3830 | D:5      | Killed Eustachio
  3866 | D:5      | 3866 ||| Stepping ~*~*~tactically~*~*~ (hiding).
  3868 | D:5      | 3868 ||| Stepping ~*~*~tactically~*~*~ (hiding).
  3872 | D:5      | 3872 ||| INVOKING Fiery Armour.
  3876 | D:5      | HP: 15/78 [ogre/+0 giant club (26)]
  3877 | D:5      | 3877 ||| READING 3 scrolls of teleportation.
  3878 | D:5      | 3878 ||| DRINKING potion of heal wounds.
  3947 | D:5      | 3947 ||| Stepping ~*~*~tactically~*~*~ (stealth).
  3952 | D:5      | 3952 ||| Stepping ~*~*~tactically~*~*~ (stealth).
  3957 | D:5      | 3957 ||| Stepping ~*~*~tactically~*~*~ (hiding).
  4084 | D:5      | 4084 ||| Stepping ~*~*~tactically~*~*~ (hiding).
  4191 | D:5      | Noticed a +0 falchion
  4202 | D:5      | Found a hide-covered altar of Uskayaw.
  4412 | D:5      | 4412 ||| READING scroll labelled QOTULAOSASE.
  4413 | D:5      | 4413 ||| DRINKING 3 bubbling red potions.
  4432 | D:5      | Reached XP level 9. HP: 84/84 MP: 9/9
  4447 | D:5      | 4447 ||| DRINKING 2 fuming purple potions.
  4448 | D:5      | 4448 ||| READING 2 scrolls of identify.
  4448 | D:5      | 4448 ||| IDENTIFYING smoky coppery potion
  4449 | D:5      | 4449 ||| DROPPING 2 potions of lignification.
  4450 | D:5      | 4450 ||| DROPPING potion of attraction.
  4451 | D:5      | 4451 ||| DROPPING potion of flight.
  4480 | D:6      | Reached skill level 11 in Unarmed Combat
  4506 | D:6      | Found a staircase to the Ecumenical Temple.
  4514 | D:6      | 4514 ||| INVOKING Fiery Armour.
  4515 | D:6      | 4515 ||| Stepping ~*~*~tactically~*~*~ (outnumbered).
  4634 | D:6      | 4634 ||| Stepping ~*~*~tactically~*~*~ (outnumbered).
  4637 | D:6      | 4637 ||| Stepping ~*~*~tactically~*~*~ (outnumbered).
  4640 | D:6      | 4640 ||| Stepping ~*~*~tactically~*~*~ (outnumbered).
  4729 | D:6      | Found a broken altar of Ashenzari.
  5017 | D:6      | Found a hazy altar of Hepliaklqana.
  5021 | D:6      | 5021 ||| UPGRADING to +0 kite shield.
  5026 | D:6      | 5026 ||| READING 2 scrolls of identify.
  5026 | D:6      | 5026 ||| IDENTIFYING fizzy yellow potion
  5068 | D:7      | Identified the +5 long sword of Duty {protect, Str+5}
  5084 | D:7      | Reached skill level 1 in Shields
  5102 | D:7      | 5102 ||| Stepping ~*~*~tactically~*~*~ (hiding).
  5188 | D:7      | 5188 ||| FLEEEEING.
  5198 | D:7      | Reached skill level 3 in Shields
  5298 | D:7      | Found a sparkling altar of Nemelex Xobeh.
  5378 | D:7      | 5378 ||| Stepping ~*~*~tactically~*~*~ (outnumbered).
  5380 | D:7      | 5380 ||| Stepping ~*~*~tactically~*~*~ (outnumbered).
  5387 | D:7      | 5387 ||| Stepping ~*~*~tactically~*~*~ (outnumbered).
  5440 | D:7      | 5440 ||| Stepping ~*~*~tactically~*~*~ (stealth).
  5446 | D:7      | Found a bloodstained altar of Trog.
  5480 | D:7      | 5480 ||| Stepping ~*~*~tactically~*~*~ (hiding).
  5481 | D:7      | 5481 ||| Stepping ~*~*~tactically~*~*~ (hiding).
  5484 | D:7      | 5484 ||| Stepping ~*~*~tactically~*~*~ (hiding).
  5835 | D:7      | 5835 ||| READING scroll labelled RIALOME CONGI.
  5836 | D:7      | 5836 ||| READING scroll labelled JEVVAOR UQUTZ.
  5837 | D:7      | 5837 ||| READING scroll labelled XAWIKO KASUCO.
  5951 | D:8      | 5951 ||| STAIRDANCE
  5961 | D:8      | 5961 ||| STAIRDANCE
  6000 | D:8      | 6000 ||| STAIRDANCE
  6016 | D:8      | 6016 ||| INVOKING Fiery Armour.
  6017 | D:8      | 6017 ||| STAIRDANCE
  6039 | D:8      | Reached skill level 6 in Shields
  6044 | D:8      | Noticed Gastronok
  6045 | D:8      | 6045 ||| Stepping ~*~*~tactically~*~*~ (hiding).
  6065 | D:8      | HP: 4/84 [Gastronok (30)]
  6066 | D:8      | 6066 ||| READING 5 scrolls of teleportation.
  6067 | D:8      | Annihilated by Gastronok

Levels and vault maps discovered:
D:1:      dpeg_arrival_three_smaller_balls, layout_basic, serial_shops, shop
D:2:      kb_forest_paths, layout_rooms, serial_shops,
          nicolae_shop_bloodbath_and_beyond, nicolae_shop_statue_plus,
          basic_altar, uniq_robin, uniq_terence
D:3:      layout_rooms, ebering_ecumenical_altar_ruins, serial_shops, shop,
          amcnicky_mini_rare_corridor_liquid, kennysheep_big_empty_room,
          minivault_4, uniq_sigmund, uniq_jessica
D:4:      layout_basic, kennysheep_mini_moat, chequers_serial_rivers_small_3,
          uniq_menkaure, uniq_ijyb, uniq_crazy_yiuf_cottage
D:5:      layout_basic, nicolae_uskayaw_en_pointe, small_statue_intersection,
          uniq_pikel, uniq_eustachio, uniq_edmund
D:6:      layout_gridville, mainiacjoe_overflow_catwalk,
          worldfamousw_hep_ancestral_shrine, minmay_temple_entry_stoned_glass
D:7:      layout_gridville, trog_antimagical, nemelex_xobeh_ov_fountains_minmay
D:8:      layout_loops_ring, nicolae_overflow_hidden_temple, uniq_grum,
          uniq_gastronok

Skill      XL: |  1  2  3  4  5  6  7  8  9 |
---------------+----------------------------+-----
Unarmed Combat | 4 6 9 10 11 | 11.7
Fighting       | 3 4 |  4.0
Throwing       | 1 |  1.0
Dodging        | 2 |  2.1
Shields        | 6 |  6.2
Spellcasting   | |  1.0
Fire Magic     | |  2.1

Action                   |  1- 3 |  4- 6 |  7- 9 || total
-------------------------+-------+-------+-------++-------
Melee: Unarmed           |    79 |   123 |   241 ||   443
       Punch             |     1 |     5 |     3 ||     9
Throw: Boomerang         |       |       |    33 ||    33
Invok: Fiery Armour      |       |     1 |     4 ||     5
  Use: Scroll            |     5 |     1 |    14 ||    20
       Potion            |       |     1 |     3 ||     4
Armor: Robe              |    26 |    37 |    76 ||   139
       Skin              |       |       |     2 ||     2
Dodge: Dodged            |    39 |    52 |    88 ||   179
Block: Kite shield       |       |       |    32 ||    32

Table legend:
 A = Non-vault XP
 B = Vault XP
 C = Vault XP percentage of total XP
 D = Non-vault monster count
 E = Vault monster count
 F = Vault count percentage of total count
                 A         B        C        D         E       F
            +---------+---------+-------+---------+---------+-------
      Total |    3448 |    1947 |  36.1 |     143 |      28 |  16.4
            +---------+---------+-------+---------+---------+-------
        D:1 |      45 |      63 |  58.3 |      26 |      11 |  29.7
        D:2 |      42 |      14 |  25.0 |      17 |       7 |  29.2
        D:3 |      35 |     263 |  88.3 |      11 |       2 |  15.4
        D:4 |     494 |     205 |  29.3 |      26 |       2 |   7.1
        D:5 |     588 |    1051 |  64.1 |      21 |       3 |  12.5
        D:6 |     703 |       0 |   0.0 |      19 |       0 |   0.0
        D:7 |    1238 |     351 |  22.1 |      21 |       3 |  12.5
        D:8 |     303 |       0 |   0.0 |       2 |       0 |   0.0
            +---------+---------+-------+---------+---------+-------
